 Dungeon Crawl Stone Soup version 0.16.1-16-gc44b35d (webtiles) character file.

405 Harvey99999 the Covered (level 6, -1/57 HPs)
             Began as a Naga Fighter on Apr 19, 2015.
             Slain by an orc
             ... wielding a +1 dagger of electrocution
              (9 damage)
             ... on level 4 of the Dungeon.
             The game lasted 00:14:22 (3366 turns).

Harvey99999 the Covered (Naga Fighter)              Turns: 3366, Time: 00:14:23

Health: -1/57      AC:  6    Str: 21    XL:     6   Next: 87%
Magic:  6/6        EV:  6    Int:  8    God:
Gold:   204        SH:  0    Dex: 10    Spells: 0 memorised, 5 levels left

rFire  . . .     SeeInvis +     a - +0 war axe
rCold  . . .     Clarity  .     b - +0 scale mail
rNeg   . . .     SustAb   .     c - +0 shield
rPois  +         Gourm    .     (no helmet)
rElec  .         Spirit   .     (no cloak)
rCorr  .         Warding  .     (no gloves)
rMut   .         Stasis   .     (no barding)
MR     .....                    (no amulet)
Stlth  ..........               (no ring)
                                m - ring of poison resistance

@: confused, very slow, not resistant to hostile enchantments, extremely
unstealthy
A: spit poison, see invisible, deformed body, poison resistance, slowness 2, AC
+2
a: Spit Poison


You were on level 4 of the Dungeon.
You were not hungry.

You visited 1 branch of the dungeon, and saw 4 of its levels.

You collected 204 gold pieces.

Inventory:

Hand weapons
 a - a +0 war axe (weapon)
 q - a +1 dagger of draining
 u - a +1 hand axe of freezing
Armour
 b - a +0 scale mail (worn)
 c - a +0 shield (worn)
Jewellery
 m - a ring of poison resistance (left hand)
Magical devices
 s - a wand of magic darts (23)
Scrolls
 f - 4 scrolls of amnesia
 h - a scroll of identify {unknown}
 k - a scroll of teleportation
 t - a scroll of remove curse {unknown}
Potions
 e - a potion of might
 i - a potion of ambrosia
 j - 2 potions of agility {unknown}
 l - a potion of mutation {unknown}
 n - a potion of resistance {unknown}
 o - a potion of flight {unknown}
 p - a potion of curing {unknown}
 r - a potion of poison {unknown}
Comestibles
 d - 2 bread rations
 g - 4 meat rations
 v - a fruit
 w - 3 chunks of flesh


   Skills:
 + Level 3.8 Fighting
 + Level 3.5 Axes
 + Level 4.0 Armour
 + Level 2.0 Dodging
 + Level 0.9 Stealth
 + Level 3.3 Shields


You had 5 spell levels left.
You didn't know any spells.

Dungeon Overview and Level Annotations

Branches:
Dungeon (4/15)
 Temple: D:4-7

Altars:

Shops:
D:4 ?


Innate Abilities, Weirdness & Mutations

You cannot wear boots.
You can spit poison.
Your serpentine skin is tough (AC +2).
You have supernaturally acute eyesight.
Armour fits poorly on your strangely shaped body.
Your system is resistant to poisons.
You cover ground very slowly.


Message History

The orc closely misses you. You block the bat's attack.
You block the bat's attack. The bat hits you but does no damage.
The bat hits you but does no damage.
The orc priest invokes the aid of Beogh against you.
Something smites you!
* * * LOW HITPOINT WARNING * * *
Drink which item? (? for menu, Esc to quit)
It was a potion of ambrosia.
You are confused.
You feel invigorated. The orc hits you but does no damage.
The bat hits you but does no damage. The orc hits you with a flail!
* * * LOW HITPOINT WARNING * * *
Drink which item? (? for menu, Esc to quit)
Okay, then.
You bump into the rock wall.
The bat hits you but does no damage. The bat hits you but does no damage.
The orc hits you but does no damage.
You are electrocuted!
You die...

### .##..####
........#.. #.........
##........ ##........
##........ ##
#........# ..##
##......b@# ...##
#.......oo# .....#
##........o# #......
#.........o###........
#.........T..(T.......
#..........o.ooo......
#........######......
##.......# ......
#.<....## .....


You could see a troll, an orc priest, 4 orcs and a bat.

Vanquished Creatures
  The ghost of SaintRoka the Vandal, an average NaHu (D:3)
  A phantom (D:3)
  A giant frog skeleton (D:4)
  An iguana (D:4)
  2 orc wizards (D:3)
  4 adders
  A worm (D:4)
  4 giant geckos
  10 orcs (D:3)
  2 ball pythons (D:2)
  9 bats
  A giant cockroach (D:3)
  8 hobgoblins
  A jackal (D:1)
  2 quokkas
  2 giant newts
  10 goblins
  8 kobolds
  10 rats
78 creatures vanquished.

Notes
Turn   | Place    | Note
--------------------------------------------------------------
     0 | D:1      | Harvey99999, the Naga Fighter, began the quest for the Orb.
     0 | D:1      | Reached XP level 1. HP: 21/21 MP: 1/1
   293 | D:1      | Reached XP level 2. HP: 20/28 MP: 2/2
   700 | D:2      | Reached XP level 3. HP: 26/34 MP: 3/3
  1299 | D:2      | Reached XP level 4. HP: 42/42 MP: 4/4
  1326 | D:2      | Reached skill level 1 in Dodging
  1332 | D:3      | Noticed a phantom
  1629 | D:3      | Killed a phantom
  1629 | D:3      | Reached XP level 5. HP: 16/49 MP: 5/5
  2367 | D:3      | Reached XP level 6. HP: 27/56 MP: 6/6
  2674 | D:3      | Noticed SaintRoka's ghost (average NaHu)
  2690 | D:3      | Killed SaintRoka's ghost
  3142 | D:4      | Found Klaodaw's Magic Scroll Shop.
  3250 | D:4      | Reached skill level 4 in Armour
  3280 | D:4      | Noticed a troll
  3365 | D:4      | HP: 2/57 [orc/flail (7)]
  3366 | D:4      | Slain by an orc

Action                   |  1- 3 |  4- 6 || total
-------------------------+-------+-------++-------
Melee: War axe           |   115 |   186 ||   301
 Abil: Spit Poison       |     1 |     3 ||     4
  Use: Scroll            |       |     4 ||     4
       Potion            |       |     1 ||     1
  Eat: Chunk             |     2 |     2 ||     4
       Bread ration      |       |     1 ||     1
